 Dungeon Crawl Stone Soup version 0.19.5 (webtiles) character file.

1565 lordofpotatos the Ruffian (level 8, -11/80 HPs)
             Began as a Troll Monk on Apr 25, 2017.
             Was a Believer of Qazlal.
             Mangled by a hellwing (13 damage)
             ... on level 7 of the Dungeon.
             The game lasted 00:16:27 (2461 turns).

lordofpotatos the Ruffian (Troll Monk)              Turns: 2461, Time: 00:16:27

Health: -11/80     AC:  6    Str: 21 (22) XL:     8   Next: 59%
Magic:  7/7        EV: 18    Int: 11 (14) God:    Qazlal [**....]
Gold:   127        SH:  3    Dex: 16 (17) Spells: 0 memorised, 7 levels left

rFire  . . .     SeeInvis .       - Unarmed
rCold  . . .     Gourm    +     l - +1 robe of the Commoners {*Corrode rElec Int+8}
rNeg   . . .     Faith    .     (no shield)
rPois  .         Spirit   .     (helmet restricted)
rElec  +         Reflect  .     n - +0 cloak
rCorr  .         Harm     .     (gloves unavailable)
MR     .....                    (boots unavailable)
Stlth  ++........               (no amulet)
                                (no ring)
                                j - +3 ring of protection

@: agile, corroded
A: unfitting armour, claws 3, fast metabolism 3, gourmand, regeneration 1,
shaggy fur 1, tough skin 2
a: Upheaval, Renounce Religion


You were on level 7 of the Dungeon.
You worshipped Qazlal.
Qazlal was pleased with you.
You were full.

You visited 2 branches of the dungeon, and saw 8 of its levels.

You collected 127 gold pieces.

Inventory:

Armour
 a - a +0 robe
 l - the +1 robe of the Commoners (worn) {*Corrode rElec Int+8}
   (You found it on level 6 of the Dungeon)

   It affects your intelligence (+8).
   It insulates you from electricity.
   It may corrode you when you take damage.
 n - a +0 cloak (worn)
Jewellery
 j - a +3 ring of protection (left claw)
Scrolls
 c - a scroll of magic mapping
 e - 3 scrolls of identify
 g - 8 scrolls of enchant armour
 h - a scroll of random uselessness {unknown}
 i - a scroll of teleportation {unknown}
 k - 4 scrolls of remove curse {unknown}
 m - 2 scrolls of amnesia {unknown}
 p - a scroll of enchant weapon {unknown}
 r - a scroll of fear {unknown}
Potions
 d - a potion of magic
Comestibles
 o - a bread ration


   Skills:
 + Level 5.2 Fighting
 + Level 4.7 Throwing
 + Level 5.0 Dodging
 - Level 1.0 Stealth
 + Level 6.1 Unarmed Combat


You had 7 spell levels left.
You didn't know any spells.

Dungeon Overview and Level Annotations

Branches:
Dungeon (7/15)             Temple (1/1) D:4

Altars:
Cheibriados
Qazlal
Trog
Uskayaw
Vehumet


Innate Abilities, Weirdness & Mutations

You are too large for most types of armour.
You have claws for hands.
Your metabolism is lightning-fast.
You like to eat raw meat.
Your natural rate of healing is unusually fast.
You are covered in fur. (AC +1)
You have very tough skin. (AC +2)


Message History

The centaur warrior zombie hits you but does no damage.
You closely miss the hellwing.
The hellwing is moderately wounded.
The hellwing barely misses you. The hellwing hits you.
* * * LOW HITPOINT WARNING * * *
The centaur warrior zombie hits you.
* * * LOW HITPOINT WARNING * * *
You scratch the hellwing but do no damage.
The hellwing is moderately wounded.
The hellwing hits you!
* * * LOW HITPOINT WARNING * * *
You block the hellwing's attack.
The centaur warrior zombie barely misses you.
As you read the scroll labeled EHIFYMAUVIO, it crumbles to dust.
It is a scroll of identify.
g - 8 scrolls of enchant armour The centaur warrior zombie hits you.
* * * LOW HITPOINT WARNING * * *
The hellwing hits you!
You die...

.........## ..(.......#
..........# ...(......#
..........# ..........#
..........# .........†######
........#.ZZ@4.###### #####.
....##..######......###......
... .5.F. #######.†>....... #
...... .......#..<......
#.##..... ######..)........ #
###... ###.##....#. #.##.
.........# .....##...#
......## ...#


You could see a hellwing and 2 centaur warrior zombies.

Vanquished Creatures
  A hungry ghost (D:7)
  Duvessa (D:7)
  2 ice beasts
  A necrophage (D:7)
  5 ogres
  A centaur (D:5)
  2 bullfrogs (D:7)
  Dowan (D:7)
  A howler monkey (D:7)
  3 crimson imps
  Crazy Yiuf (D:5)
  A jelly (D:5)
  2 orc priests (D:4)
  2 worker ants
  A killer bee zombie (D:6)
  A hound zombie (D:5)
  2 adders
  3 shadow imps
  An ooze (D:4)
  A leopard gecko (D:7)
  3 orcs (D:4)
  6 bats
  A giant cockroach (D:4)
  A goblin (D:2)
  2 jackals (D:6)
  3 ball pythons
  A frilled lizard (D:5)
  A kobold (D:1)
  A quokka zombie (D:5)
  2 rats
54 creatures vanquished.

Notes
Turn   | Place    | Note
-------+----------+-------------------------------------------
     0 | D:1      | lordofpotatos the Troll Monk began the quest for the Orb.
     0 | D:1      | Reached XP level 1. HP: 22/22 MP: 0/0
   167 | D:2      | Reached XP level 2. HP: 28/29 MP: 1/1
   331 | D:3      | Found a stormy altar of Qazlal.
   348 | D:3      | Became a worshipper of Qazlal Stormbringer
   348 | D:3      | Reached * piety under Qazlal
   348 | D:3      | Reached ** piety under Qazlal
   395 | D:3      | Found a snail-covered altar of Cheibriados.
   447 | D:4      | Found a staircase to the Ecumenical Temple.
   464 | Temple   | Entered the Ecumenical Temple
   652 | D:4      | Found a radiant altar of Vehumet.
   705 | D:5      | Entered Level 5 of the Dungeon
   705 | D:5      | Noticed a centaur
   705 | D:5      | Noticed an ogre
   836 | D:4      | Reached skill level 1 in Throwing
   842 | D:4      | Found a bloodstained altar of Trog.
   849 | D:4      | Reached XP level 3. HP: 36/36 MP: 2/2
   950 | D:4      | Reached XP level 4. HP: 27/44 MP: 3/3
  1116 | D:5      | Reached XP level 5. HP: 53/53 MP: 4/4
  1160 | D:5      | Killed an ogre
  1160 | D:5      | Reached skill level 4 in Unarmed Combat
  1162 | D:5      | Killed a centaur
  1162 | D:5      | Reached XP level 6. HP: 19/62 MP: 5/5
  1375 | D:5      | Found a runed door.
  1379 | D:5      | Noticed Crazy Yiuf
  1385 | D:5      | Killed Crazy Yiuf
  1385 | D:5      | Reached XP level 7. HP: 69/70 MP: 6/6
  1723 | D:6      | Reached skill level 5 in Unarmed Combat
  1940 | D:6      | Got a shimmering robe
  1946 | D:6      | Identified the +1 robe of the Commoners {*Corrode rElec Int+8} (You found it on level 6 of the Dungeon)
  2036 | D:6      | Noticed a dagger
  2037 | D:6      | Found a hide-covered altar of Uskayaw.
  2038 | D:6      | Noticed a hand axe
  2291 | D:7      | Noticed Dowan
  2296 | D:7      | Noticed a hungry ghost
  2297 | D:7      | Noticed Duvessa
  2300 | D:7      | Reached XP level 8. HP: 79/79 MP: 7/7
  2307 | D:7      | Killed Dowan
  2321 | D:7      | Killed Duvessa
  2339 | D:7      | Reached skill level 5 in Fighting
  2420 | D:7      | Reached skill level 5 in Dodging
  2420 | D:7      | Reached skill level 6 in Unarmed Combat
  2430 | D:7      | Noticed a hellwing
  2460 | D:7      | HP: 2/80 [hellwing (8)]
  2461 | D:7      | Mangled by a hellwing

Skill      XL: |  1  2  3  4  5  6  7  8 |
---------------+-------------------------+-----
Throwing       | 1 2 3 4 |  4.7
Fighting       | 3 4 5 |  5.2
Dodging        | 3 4 5 |  5.0
Unarmed Combat | 4 5 6 |  6.1
Stealth        | |  1.0

Action                   |  1- 3 |  4- 6 |  7- 9 || total
-------------------------+-------+-------+-------++-------
Melee: Unarmed           |    41 |    37 |   140 ||   218
       Punch             |       |     1 |     5 ||     6
  Use: Potion            |       |     1 |     3 ||     4
       Scroll            |       |     1 |     1 ||     2
 Stab: Sleeping          |     1 |       |       ||     1
  Eat: Bread ration      |     2 |       |     2 ||     4
       Meat ration       |     1 |       |     1 ||     2
       Fruit             |       |       |     5 ||     5
       Beef jerky        |       |       |     2 ||     2
Armor: Skin              |    29 |     4 |    10 ||    43
       Robe              |     1 |       |    48 ||    49
Dodge: Dodged            |    43 |    13 |    97 ||   153
Block: Other             |     3 |     1 |    22 ||    26
